 Dungeon Crawl Stone Soup version 0.30-a0-802-gb92711bcdf (webtiles) character file.

Game seed: 3580251248523678393

2714 Wobber the Ducker (level 9, -2/66 HPs)
             Began as a Demonspawn Wanderer on Feb 23, 2023.
             Was a High Priest of Cheibriados.
             Slain by an orc priest
             ... wielding a +0 war axe
              (7 damage)
             ... on level 8 of the Dungeon.
             The game lasted 00:27:35 (7386 turns).

Wobber the Ducker (Demonspawn Wanderer)             Turns: 7386, Time: 00:27:35

Health: -2/66      AC:  7    Str: 24    XL:     9   Next: 39%
Magic:  13/15      EV: 22    Int: 21    God:    Cheibriados [*****.]
Gold:   510        SH:  5    Dex: 31    Spells: 10/16 levels left

rFire   + . .      SeeInvis .    a - +2 quarterstaff
rCold   + + .      Faith    .    (shield currently unavailable)
rNeg    . . .      Spirit   .    u - +0 robe {rC+ rF+}
rPois   .          Reflect  +    q - +0 helmet
rElec   .          Harm     .    c - +0 cloak
rCorr   .          Rampage  .    (no gloves)
Will    .....                    s - +2 pair of boots
Stlth   +++                      B - amulet of reflection
HPRegen 0.31/turn                m - ring of protection from cold
MPRegen 0.28/turn                l - ring of wizardry

@: freezing walls, repel missiles, very slow
A: hooves 1, repulsion field 3, magic regeneration
a: Renounce Religion, Bend Time, Temporal Distortion, Slouch, Step From Time


You were on level 8 of the Dungeon.
You worshipped Cheibriados.
Cheibriados was extremely pleased with you.
You visited 1 branch of the dungeon, and saw 8 of its levels.

You collected 536 gold pieces.
You spent 26 gold pieces at shops.

Inventory:

Hand Weapons
 a - a +2 quarterstaff (weapon)
 b - a +0 sling
 t - a +0 dagger of venom
 C - a +0 short sword
 I - a +0 rapier
 M - a +0 shortbow
Missiles
 h - 77 stones (quivered)
 n - 15 poisoned darts
Armour
 c - a +0 cloak (worn)
 g - a +0 leather armour
 q - a +0 helmet (worn)
 s - a +2 pair of boots (worn)
 u - a +0 robe of resistance (worn)
 R - a +0 buckler
Jewellery
 l - a ring of wizardry (right hand)
 m - a ring of protection from cold (left hand)
 B - an amulet of reflection (around neck)
 N - a ring of willpower
Wands
 p - a wand of paralysis (11)
 P - a wand of digging (2)
Scrolls
 e - a scroll of acquirement {unknown}
 f - 4 scrolls of identify
 i - 2 scrolls of noise {unknown}
 r - 3 scrolls of blinking {unknown}
 w - a scroll of vulnerability {unknown}
 x - a scroll of brand weapon {unknown}
 y - a scroll of amnesia {unknown}
 D - 3 scrolls of enchant armour {unknown}
 E - 2 scrolls of enchant weapon {unknown}
 F - a scroll of poison {unknown}
 K - a scroll of torment {unknown}
 L - a scroll of teleportation {unknown}
 O - 2 scrolls of immolation {unknown}
Potions
 d - 2 potions of might
 j - a potion of flight
 k - 3 potions of resistance
 o - 2 potions of berserk rage
 v - 5 potions of curing
 z - a potion of lignification
 A - a potion of mutation {unknown}
 G - a potion of heal wounds {unknown}
 H - a potion of degeneration {unknown}
 J - a potion of brilliance {unknown}
 Q - a potion of attraction {unknown}
 S - a potion of experience {unknown}


   Skills:
 + Level 4.7 Fighting
 - Level 1.7 Staves
 + Level 4.3 Ranged Weapons
 + Level 5.6 Dodging
 + Level 3.6 Stealth
 - Level 1.0 Unarmed Combat
 + Level 4.0 Spellcasting
 + Level 3.3 Conjurations
 + Level 1.4 Translocations
 + Level 3.9 Ice Magic
 + Level 5.6 Invocations
 - Level 2.0 Evocations


You had 10 spell levels left.
You knew the following spells:

 Your Spells              Type           Power      Damage    Failure   Level
a - Frozen Ramparts       Ice            42%        1d7       2%          3
b - Hailstorm             Conj/Ice       19%        3d6       3%          3

Your spell library contained the following spells:

 Spells                   Type           Power      Damage    Failure   Level
 Freeze                   Ice            84%        1d9       1%          1
 Momentum Strike          Conj/Tloc      28%        3d8       2%          2
 Blink                    Tloc           20%        N/A       4%          2
 Lesser Beckoning         Tloc           20%        N/A       4%          2
 Dazzling Flash           Conj/Hex       22%        N/A       8%          3
 Agony                    Necr           4%         N/A       75%         5
 Silence                  Hex/Air        2%         N/A       75%         5


Dungeon Overview and Level Annotations

Branches:
Dungeon (8/15)             Temple (0/1) D:7
   Lair: D:8-11

Altars:
Ashenzari
Cheibriados
Dithmenos
Gozag
Hepliaklqana
Ru
Sif Muna
Uskayaw
Vehumet
Wu Jian
Xom
Yredelemnul

Shops:
D:1 ?*:[   D:2 ?   D:5 *

Annotations:
D:6 1 runed translucent door, DiggyJ's ghost, novice TrBe
D:8 1 runed translucent door


Innate Abilities, Weirdness & Mutations

You have large cloven feet.
You are surrounded by a strong repulsion field. (EV +4, RMsl)
You regenerate magic rapidly.


Message History

You see here a +0 short sword.
You hit the orc warrior.
The orc warrior is moderately wounded.
The orc priest mumbles some strange prayers to Beogh against you.
Pain shoots through your body! The orc warrior completely misses you.
Casting: Frozen Ramparts (dangerous; 2% risk of failure)
Confirm with . or Enter, or press ? or * to list all spells.
Casting: Frozen Ramparts (dangerous; 2% risk of failure)
Press: ? - help, Dir - look around, f - activate The walls around you are covered in ice.
The orc priest completely misses you.
The wall freezes the orc warrior but does no damage.
The orc warrior closely misses you.
You sock the orc warrior!
The orc warrior is heavily wounded.
You block the orc priest's attack.
The wall freezes the orc warrior but does no damage.
The orc warrior completely misses you.
The orc priest begins to cast a cantrip, but forgets the words!
The wall freezes the orc warrior but does no damage.
The orc warrior hits you with a +0 glaive!!
* * * LOW HITPOINT WARNING * * *
You hit the orc warrior but do no damage.
The orc warrior is heavily wounded.
The orc priest invokes the aid of Beogh against you.
Pain shoots through your body!
* * * LOW HITPOINT WARNING * * *
The wall freezes the orc warrior!
The orc warrior misses you.
You feel better.
The orc priest invokes the aid of Beogh against you.
Pain shoots through your body!
* * * LOW HITPOINT WARNING * * *
The wall freezes the orc warrior.
The orc warrior hits you with a +0 glaive.
* * * LOW HITPOINT WARNING * * *
You hit the orc warrior.
You kill the orc warrior!
Cheibriados thoroughly appreciates the change of pace.
The orc priest hits you with a +0 war axe!
You die...

# #......#
#.#....##############
#....>.# #.........#
###....####.........#
#......##.........#
#.####.##.........#
#.#.....#.........####
#.#.##.)#......o[.....
#.............@)......
#######.##.######.....
#.....##.###..## ...
#.######.##....# .
#.##.....##.⌠._#
####.##[#####.....#
#....##.#####....##
#.#####.....'...⌠#
##.#######...#....##


You could see an orc priest.

Vanquished Creatures
  A two-headed ogre (D:7)
  Eustachio (D:6)
  A steam dragon (D:8)
  2 orc warriors (D:8)
  2 ice beasts (D:7)
  An ogre (D:6)
  A centaur (D:7)
  2 phantoms
  A bullfrog (D:6)
  A necrophage (D:7)
  3 scorpions
  3 crimson imps (D:5)
  3 orc priests
  2 jellies (D:5)
  Crazy Yiuf (D:3)
  A hound (D:6)
  9 orc wizards
  7 iguanas
  6 gnolls
  5 adders
  2 shadow imps
  2 white imps (D:6)
  2 worms
  6 dart slugs
  25 orcs
  3 bats (D:1)
  6 endoplasms
  4 giant cockroaches
  8 goblins
  11 hobgoblins
  8 jackals
  10 kobolds
  5 quokkas
  8 ball pythons
  6 frilled lizards
  3 rats (D:1)
162 creatures vanquished.

Vanquished Creatures (others)
  An orc (D:8)
  A fungus (D:3)
2 creatures vanquished.

Grand Total: 164 creatures vanquished

Notes
Turn   | Place    | Note
-------+----------+-------------------------------------------
     0 | D:1      | Wobber the Demonspawn Wanderer began the quest for the Orb.
     0 | D:1      | Wobber set off with the following items: a +2 quarterstaff,
                  | a potion of curing, a +0 cloak, a potion of might, a +0
                  | robe.
     0 | D:1      | Reached XP level 1. HP: 15/15 MP: 1/1
   196 | D:1      | Found Ded Fan's Armour Emporium.
   295 | D:1      | Found Ymiojute's Book Shoppe.
   350 | D:1      | Gained mutation: You have large cloven feet. [demonic
                  | ancestry]
   350 | D:1      | Reached XP level 2. HP: 21/21 MP: 2/2
   375 | D:1      | Found Utzusiq's Assorted Antiques.
   447 | D:1      | Found Ceivulo's Magic Scroll Shop.
   491 | D:1      | Bought a scroll of identify for 26 gold pieces
   530 | D:1      | Reached skill level 1 in Stealth
   588 | D:1      | Found a faded altar of an unknown god.
   602 | D:1      | Prayed at the altar of an unknown god.
   602 | D:1      | Became a worshipper of Cheibriados the Contemplative
   602 | D:1      | Reached * piety under Cheibriados
   810 | D:1      | Reached skill level 1 in Spellcasting
   813 | D:1      | Gained mutation: You are surrounded by a mild repulsion
                  | field. (EV +2) [demonic ancestry]
   813 | D:1      | Reached XP level 3. HP: 24/27 MP: 4/4
  1128 | D:2      | Found an opulent altar of Gozag.
  1302 | D:2      | Reached ** piety under Cheibriados
  1354 | D:2      | Found Tidd's Magic Scroll Emporium.
  1505 | D:2      | Reached skill level 1 in Invocations
  1980 | D:3      | Gained mutation: You are surrounded by a moderate repulsion
                  | field. (EV +3) [demonic ancestry]
  1980 | D:3      | Reached XP level 4. HP: 32/33 MP: 5/5
  2058 | D:3      | Learned a level 3 spell: Frozen Ramparts
  2398 | D:3      | Noticed a phantom
  2441 | D:3      | Killed a phantom
  2442 | D:3      | Reached skill level 1 in Ice Magic
  2442 | D:3      | Reached XP level 5. HP: 38/39 MP: 5/7
  2464 | D:3      | Found a radiant altar of Vehumet.
  2464 | D:3      | Found a basalt altar of Yredelemnul.
  2464 | D:3      | Found an ornate altar of the Wu Jian Council.
  2464 | D:3      | Found a shimmering blue altar of Sif Muna.
  2472 | D:3      | Found a shadowy altar of Dithmenos.
  2477 | D:3      | Found a sacrificial altar of Ru.
  2550 | D:3      | Found a runed translucent door.
  2551 | D:3      | Noticed Crazy Yiuf
  2558 | D:3      | Killed Crazy Yiuf
  2737 | D:3      | Reached *** piety under Cheibriados
  2767 | D:4      | Gained mutation: You regenerate magic rapidly. [demonic
                  | ancestry]
  2767 | D:4      | Reached XP level 6. HP: 45/46 MP: 8/8
  3032 | D:4      | Found a hazy altar of Hepliaklqana.
  3033 | D:4      | Found a broken altar of Ashenzari.
  3626 | D:4      | Reached skill level 1 in Ranged Weapons
  3677 | D:5      | Entered Level 5 of the Dungeon
  3689 | D:5      | Found Vuxan's Assorted Antiques.
  3859 | D:5      | Reached XP level 7. HP: 49/52 MP: 6/10
  3925 | D:5      | Found a shimmering altar of Xom.
  4032 | D:5      | Learned a level 3 spell: Hailstorm
  4044 | D:5      | Reached **** piety under Cheibriados
  4248 | D:5      | Reached skill level 1 in Conjurations
  4784 | D:6      | Reached XP level 8. HP: 47/59 MP: 6/12
  4857 | D:6      | Noticed Eustachio
  4905 | D:6      | Killed Eustachio
  4906 | D:6      | Reached skill level 5 in Dodging
  5489 | D:6      | Found a runed translucent door.
  5508 | D:6      | Noticed DiggyJ's ghost (novice TrBe)
  6236 | D:7      | Reached ***** piety under Cheibriados
  6438 | D:7      | Noticed a two-headed ogre
  6453 | D:7      | Killed a two-headed ogre
  6454 | D:7      | Reached skill level 1 in Translocations
  6454 | D:7      | Reached skill level 5 in Invocations
  6454 | D:7      | Gained mutation: You are surrounded by a strong repulsion
                  | field. (EV +4, RMsl) [demonic ancestry]
  6454 | D:7      | Reached XP level 9. HP: 32/66 MP: 8/14
  6781 | D:7      | Found a staircase to the Ecumenical Temple.
  7162 | D:8      | Noticed a death knight
  7162 | D:8      | Noticed a death knight
  7162 | D:8      | Noticed a centaur warrior
  7163 | D:8      | Found a runed translucent door.
  7165 | D:8      | Noticed a salamander
  7165 | D:8      | Noticed a purple ugly thing
  7165 | D:8      | Noticed a boulder beetle
  7165 | D:8      | Noticed a manticore
  7346 | D:8      | Found a hide-covered altar of Uskayaw.
  7386 | D:8      | Slain by an orc priest

Illustrated notes

Levels and vault maps discovered:
D:1:      heliophobic_arrival_dark_side_of_the_moon, layout_basic,
          dreamdust_ecumenical_altar_grove, serial_shops, nicolae_shop_stone,
          nicolae_diamond_shop, shop, shop, dk_noncrumbling_4,
          serial_bayou_pond_e
D:2:      kb_forest_paths, layout_basic, serial_shops, shop, basic_altar
D:3:      layout_rooms, minmay_overflow_temple_hex, minmay_misc_feat_tower,
          uniq_crazy_yiuf_cottage
D:4:      layout_basic, nicolae_overflow_hidden_temple, dk_noncrumbling_2
D:5:      layout_loops_ring, led_xom_imps, serial_shops, nicolae_diamond_shop
D:6:      cheibrodos_quashed, layout_basic, zin_scriptorium,
          ebering_ghost_reflecting_pool, grunt_decor_resistance, uniq_eustachio
D:7:      layout_loops_ring, minmay_temple_entry_offerings, minmay_statues_item
D:8:      minmay_gate_of_8, layout_basic, gammafunk_temple_overflow_pools

Skill      XL: |  1  2  3  4  5  6  7  8  9 |
---------------+----------------------------+-----
Stealth        | 1 2 3 |  3.6
Spellcasting   | 1 2 3 4 |  4.0
Dodging        | 4 5 |  5.6
Fighting       | 2 3 4 |  4.7
Invocations    | 1 2 3 5 |  5.6
Ice Magic      | 1 2 3 |  3.9
Ranged Weapons | 1 2 4 |  4.3
Conjurations   | 1 3 |  3.3
Translocations | 1 |  1.4
Staves         | |  1.7
Unarmed Combat | |  1.0
Evocations     | |  2.0

Action                     |  1- 3 |  4- 6 |  7- 9 || total
---------------------------+-------+-------+-------++-------
  Melee: Dagger            |    72 |       |       ||    72
         Quarterstaff      |    54 |   138 |   184 ||   376
         Kick              |    30 |     1 |       ||    31
         Punch             |     1 |       |       ||     1
   Fire: Sling             |       |    28 |    38 ||    66
  Throw: Stone             |       |     7 |       ||     7
   Cast: Frozen Ramparts   |       |     1 |    31 ||    32
         Hailstorm         |       |       |     4 ||     4
    Use: Scroll            |     2 |     2 |       ||     4
         Potion            |       |       |     1 ||     1
   Stab: Sleeping          |     5 |     7 |     4 ||    16
 Armour: Robe              |    22 |    36 |    45 ||   103
  Dodge: Dodged            |    96 |   106 |   161 ||   363
         Repelled          |       |       |     1 ||     1
  Block: Other             |       |       |    36 ||    36
         Reflection        |       |       |     1 ||     1

Table legend: (Time is in decaauts)
 A = Elapsed time spent in this place.
 B = Non-inter-level travel time spent in this place.
 C = Inter-level travel time spent in this place.
 D = Time resting spent in this place.
 E = Time spent auto-exploring this place.
 F = Levels seen in this place.
 G = Mean time per level.
                   A        B        C        D        E       F      G
               +--------+--------+--------+--------+--------+-----+--------+
         Total |  10739 |  10406 |    333 |    206 |   8140 |   8 | 1342.4 |
       Dungeon |  10739 |  10406 |    333 |    206 |   8140 |   8 | 1342.4 |
               +--------+--------+--------+--------+--------+-----+--------+

Top non-repeatable levels by time:
     D:6: 2203 daAuts
     D:7: 1511 daAuts
     D:5: 1436 daAuts
     D:4: 1417 daAuts
     D:2: 1397 daAuts
     D:3: 1066 daAuts
     D:1: 1054 daAuts
     D:8: 654 daAuts
